 Dungeon Crawl Stone Soup version 0.18-a0-1800-gdc7a371 (webtiles) character file.

21 Duffy the Skirmisher (level 2, 24/24 HPs)
             Began as a Demonspawn Fighter on Apr 25, 2016.
             Quit the game on level 1 of the Dungeon.
             The game lasted 00:00:37 (444 turns).

Duffy the Skirmisher (Demonspawn Fighter)            Turns: 444, Time: 00:00:38

Health: 24/24      AC: 10    Str: 16    XL:     2   Next: 65%
Magic:  2/2        EV:  4    Int:  9    God:
Gold:   22         SH:  8    Dex: 12    Spells: 0 memorised, 1 level left

rFire  . . .     SeeInvis .     a - +0 war axe
rCold  . . .     Gourm    .     m - -2 plate armour (curse)
rNeg   . . .     Faith    .     c - +0 shield
rPois  .         Spirit   .     j - +0 helmet
rElec  .         Dismiss  .     (no cloak)
rCorr  .         Reflect  .     (no gloves)
SustAt .         Harm     .     (no boots)
MR     .....                    (no amulet)
Stlth  ..........               (no ring)
                                (no ring)

@: not resistant to hostile enchantments, extremely unstealthy
A: repulsion field 1
a: no special abilities


You were on level 1 of the Dungeon.
You were not hungry.

You visited 1 branch of the dungeon, and saw 1 of its levels.

You collected 22 gold pieces.


Innate Abilities, Weirdness & Mutations

You are surrounded by a mild repulsion field (EV +2).


   Skills:
 - Level 3.0 Fighting
 + Level 3.0 Axes
 - Level 2.6 Armour
 - Level 2.6 Shields


You had one spell level left.
You didn't know any spells.

Inventory:

Hand Weapons
 a - a +0 war axe (weapon)
Missiles
 i - 8 curare-tipped needles
Armour
 b - a +0 scale mail
 c - a +0 shield (worn)
 j - a +0 helmet (worn)
 m - a cursed -2 plate armour (worn)
Scrolls
 e - a scroll of remove curse {unknown}
 k - a scroll of recharging {unknown}
 l - a scroll of teleportation {unknown}
Potions
 d - a potion of might
Comestibles
 f - 2 bread rations
 g - 2 beef jerkies
 h - a slice of pizza

Dungeon Overview and Level Annotations

Branches:
Dungeon (1/15)

Altars:


Message History

No target in view!
No target in view!
No target in view!
No target in view!
No target in view!
No target in view!
No target in view!
No target in view!
No target in view!
No target in view!
No target in view!
No target in view!
No target in view!
A ball python comes into view.
A ball python is nearby!
You see here a scroll labeled CEMUATRAISM.
You slash the ball python!
You kill the ball python!
Your Axes skill increases to level 3!
No target in view!
No target in view!
No target in view!
No target in view!
No target in view!
No target in view!
No target in view!
No target in view!
No target in view!
No target in view!
l - a scroll labeled CEMUATRAISM You see here a spear.
Found 21 stones.
There is a stone staircase leading down here.
You open the door.
Found a plate armour.
There is an open door here.
You see here a plate armour.
m - a plate armour Wear which item? (? for menu, Esc to quit)
You start removing your armour.
You continue taking off your +0 scale mail. x4
You finish taking off your +0 scale mail.
You start putting on your armour.
You continue putting on your plate armour. x5
You finish putting on your cursed -2 plate armour.
Oops, that feels deathly cold.
You open the door.
There is an open door here.
Found a robe.
Are you sure you want to abandon this character and quit the game? (Confirm with "yes".)

#.# #.......#
#.# #.#..# #.#
#.# #.# #.# #.#
#.########.[
#.###.#.@.......
#.......#######.
#####.#.# #.....
###.### #.# #.#
#.# ##


There were no monsters in sight!

Action                   || total
-------------------------++-------
Melee: War axe           ||    35
Armor: Scale mail        ||    23
Dodge: Dodged            ||     6
Block: Shield            ||    14

Notes
Turn   | Place    | Note
--------------------------------------------------------------
     0 | D:1      | Duffy the Demonspawn Fighter began the quest for the Orb.
     0 | D:1      | Reached XP level 1. HP: 18/18 MP: 1/1
   137 | D:1      | Reached skill level 2 in Axes
   166 | D:1      | Gained mutation: You are surrounded by a mild repulsion field (EV +2). [demonic ancestry]
   166 | D:1      | Reached XP level 2. HP: 24/24 MP: 2/2
   379 | D:1      | Reached skill level 3 in Axes
   444 | D:1      | Quit the game

Skill      XL: |  1  2 |
---------------+-------+-----
Axes           | 2 3 |  3.0
Fighting       | |  3.0
Armour         | |  2.6
Shields        | |  2.6

Vault maps used:
D:1:      dpeg_arrival_round_a

Vanquished Creatures
  2 dart slugs
  2 giant cockroaches
  2 hobgoblins
  3 kobolds
  A ball python
  2 bats
  3 goblins
  A rat
16 creatures vanquished.
